AoeStats
← 客官

Arabia

509904459Analyzed
1v1 RM · 5d ago on Sep 28, 2026· 50m 47s· 2 players
Game mode
Random Map
Map size
Tiny (2 player)
Population
200
Speed
Normal
Resources
Standard
Victory
Conquest
Starting age
Dark Age
Ending age
Imperial Age
RankedLock teamsTeams togetherTeam positionsShared explorationLock speedFull tech treeHidden civsTurbo modeCheats
Victory
Defeat
🇨🇳 Malians · China
1515
+16
🇨🇳 Khmer · China
1510
-16
客官
9:13 Feudal Age
9:18 Man-at-Arms
10:10 Double-Bit Axe
10:42 Loom
16:04 Fletching
16:15 Padded Archer Armor
16:08 Gold Mining
16:40 Horse Collar
26:30 Castle Age
24:52 Stone Mining
28:08 Crossbowman
28:45 Bodkin Arrow
32:46 Wheelbarrow
34:28 Town Watch
35:53 Scale Barding Armor
36:00 Forging
36:14 Bloodlines
36:26 Husbandry
37:50 Bow Saw
39:16 Chain Barding Armor
39:53 Iron Casting
44:15 Imperial Age
42:12 Elite Skirmisher
43:19 Leather Archer Armor
44:59 Gold Shaft Mining
44:59 Heavy Plow
45:17 Hand Cart
44:28 Arbalester
45:14 Bracer
45:53 Conscription
46:05 Ring Archer Armor
47:16 Chemistry
46:59 Ballistics
丙酮酸嗦话梅
7:04 Loom
9:53 Feudal Age
9:56 Man-at-Arms
16:22 Fletching
17:47 Padded Archer Armor
22:22 Castle Age
21:31 Horse Collar
22:02 Gold Mining
23:08 Bodkin Arrow
22:35 Crossbowman
23:08 Double-Bit Axe
26:36 Gold Shaft Mining
26:39 Leather Archer Armor
29:25 Wheelbarrow
28:57 Town Watch
31:04 Hand Cart
32:04 Scale Barding Armor
32:11 Forging
34:47 Ballistics
35:45 Husbandry
35:50 Stone Mining
38:49 Bow Saw
39:02 Bloodlines
39:18 Chain Barding Armor
44:11 Imperial Age
42:52 Heavy Plow
43:46 Tigui
45:14 Conscription
44:26 Heavy Camel Rider
47:05 Chemistry
47:20 Plate Barding Armor
47:22 Farimba
47:05 Light Cavalry
47:31 Cavalier
Connection lost

Rejoining the realm…

Still unreachable

The connection could not be restored.

Session expired

The server has moved on; the page needs a fresh start.